Map: Port Aleksander LE

Players

Smileblind - Winner!

  • Race: Protoss Protoss
  • League: Silver
  • Spawn Location: 5:00

VOD

Have the link to the VOD?

Description

Time

  • Played on: Jan. 28, 2019, 8:38 p.m.
  • Length: 28:32
Show
View Real Time Build Order
Export as new Build Order

Smileblind Protoss - Winner!

Build Orders:  

Get SALT Encoding   

  12  0:06  Probe (Chrono Boost)  
  13  0:24  Pylon  
  14  0:30  Probe (Chrono Boost)  
  14  0:42  Assimilator  
  14  0:43  Probe (Chrono Boost)  
  15  0:54  Probe (Chrono Boost)  
  16  1:08  Gateway  
  16  1:17  Probe (Chrono Boost)  
  17  1:33  Probe (Chrono Boost)  
  18  1:44  Pylon  
  19  1:50  Probe (Chrono Boost)  
  19  1:57  Assimilator  
  19  2:07  Probe (Chrono Boost)  
  20  2:19  Cybernetics Core  
  20  2:22  Zealot  
  20  2:24  Probe (Chrono Boost)  
  24  2:41  Probe (Chrono Boost)  
  24  2:55  Gateway  
  24  2:58  Probe (Chrono Boost)  
  25  3:08  Pylon  
  25  3:10  Stalker  
  25  3:15  Probe (Chrono Boost)  
  28  3:32  Probe (Chrono Boost)  
  29  3:54  Nexus  
  29  3:56  Probe (Chrono Boost)  
  30  4:14  Gateway  
  30  4:19  Warp Gate  
  30  4:21  Gateway  
  30  4:32  Shield Battery  
  30  4:39  Pylon  
  30  4:45  Probe (Chrono Boost)  
  31  4:52  Sentry  
  33  5:02  Probe (Chrono Boost)  
  33  5:06  Shield Battery  
  34  5:17  Robotics Facility  
  34  5:19  Probe (Chrono Boost)  
  35  5:33  Probe (Chrono Boost), Pylon  
  35  5:36  Probe (Chrono Boost)  
  37  5:45  Probe (Chrono Boost)  
  37  5:49  Stalker  
  40  5:53  Probe (Chrono Boost)  
  41  6:04  Twilight Council  
  41  6:10  Assimilator  
  41  6:11  Probe (Chrono Boost)  
  41  6:12  Probe (Chrono Boost)  
  41  6:13  Assimilator  
  43  6:22  Probe (Chrono Boost)  
  43  6:29  Probe (Chrono Boost)  
  45  6:34  Forge  
  45  6:43  Observer  
  46  7:12  Protoss Ground Weapons Level 1  
  46  7:13  Immortal  
  50  7:38  Dark Shrine  
  50  7:53  Charge  
  50  7:54  Stargate  
  51  8:12  Probe (Chrono Boost)  
  51  8:23  Immortal  
  51  8:29  Probe (Chrono Boost)  
  56  8:34  Zealot  
  56  8:35  Zealot x2  
  56  8:39  Sentry  
  64  8:45  Probe (Chrono Boost)  
  65  8:57  Void Ray  
  69  9:02  Probe (Chrono Boost)  
  70  9:28  Pylon  
  70  9:36  Nexus  
  70  9:40  Pylon  
  70  9:42  Pylon  
  70  9:44  Pylon  
  70  9:45  Protoss Air Weapons Level 1  
  70  9:55  Probe (Chrono Boost)  
  70  9:57  Void Ray  
  73  10:12  Probe (Chrono Boost)  
  73  10:13  Fleet Beacon  
  66  10:29  Probe (Chrono Boost)  
  55  10:43  Blink  
  55  10:46  Immortal, Probe (Chrono Boost)  
  60  10:57  Void Ray  
  64  11:06  Gateway  
  64  11:08  Gateway  
  64  11:09  Gateway  
  64  11:14  Dark Templar  
  66  11:21  Pylon  
  66  11:24  Probe (Chrono Boost)  
  66  11:27  Carrier  
  68  11:41  Probe (Chrono Boost), Observer  
  68  11:42  Assimilator  
  68  11:44  Assimilator  
  69  11:58  Probe (Chrono Boost)  
  76  12:10  Stargate  
  76  12:18  Dark Templar x2  
  80  12:31  Probe (Chrono Boost)  
  81  12:42  Probe (Chrono Boost)  
  81  12:45  Carrier  
  81  12:46  Gateway  
  81  12:48  Gateway  
  82  12:55  Probe (Chrono Boost)  
  82  12:57  Carrier  
  83  13:11  Probe (Chrono Boost)  
  88  13:22  Probe (Chrono Boost)  
  88  13:28  Probe (Chrono Boost)  
  95  13:32  Probe (Chrono Boost)  
  95  13:34  Probe (Chrono Boost)  
  95  13:36  Protoss Air Weapons Level 2  
  98  13:40  Observer  
  98  13:49  Probe x2 (Chrono Boost)  
  101  14:06  Probe (Chrono Boost)  
  101  14:09  Stargate  
  102  14:10  Immortal  
  102  14:14  Dark Templar x2  
  110  14:29  Probe (Chrono Boost)  
  111  14:40  Probe (Chrono Boost)  
  120  14:54  Probe (Chrono Boost)  
  122  15:11  Probe (Chrono Boost), Carrier  
  122  15:16  Pylon  
  122  15:18  Pylon  
  122  15:22  Pylon  
  122  15:27  Pylon  
  122  15:28  Probe (Chrono Boost)  
  123  15:33  Pylon  
  123  15:38  Pylon  
  123  15:43  Tempest x2  
  139  16:13  Carrier  
  139  16:26  Protoss Ground Weapons Level 2  
  139  16:36  Immortal  
  149  16:51  Stalker  
  149  16:52  Stalker  
  149  16:54  Dark Templar  
  149  16:56  Dark Templar  
  157  17:06  Pylon  
  157  17:07  Pylon  
  157  17:12  Pylon  
  157  17:13  Pylon  
  157  17:17  Shield Battery  
  157  17:21  Shield Battery  
  157  17:23  Unknown  
  157  17:31  Immortal  
  157  17:53  Stalker  
  157  17:55  Stalker x4  
  167  18:00  Zealot x2  
  167  18:01  Zealot  
  167  18:03  Zealot  
  175  18:41  Zealot  
  175  18:42  Zealot  
  175  18:45  Zealot  
  175  18:48  Zealot x2  
  185  18:50  Protoss Air Weapons Level 3  
  185  18:53  Zealot  
  185  18:56  Zealot x2  
  185  18:57  Zealot  
  193  19:01  Immortal  
  197  19:27  Shield Battery  
  197  19:43  Protoss Ground Weapons Level 3  
  197  20:10  Shield Battery  
  197  20:11  Shield Battery  
  197  20:18  Unknown  
  181  21:02  Zealot  
  181  21:03  Zealot  
  181  21:05  Dark Templar x3  
  181  21:06  Dark Templar  
  193  21:10  Carrier  
  198  22:30  Protoss Air Armor Level 1  
  198  22:53  Dark Templar  
  159  24:01  Carrier x3  
  159  24:22  Unknown  
  175  25:00  Unknown  
  169  25:31  Carrier x3  
Tags
 
Add a new tag
Caveats
  • Supply blocks, unpowered buildings, or Contaminate may cause inaccurate times.
  • Supply counts are checked every 10 seconds.